 Dungeon Crawl Stone Soup version 0.25-a0-842-g81a31cfd23 (webtiles) character file.

Game seed: 12754848738172108773, levelgen mode: deterministic

81 hexxy the Magician (level 4, -1/24 HPs)
             Began as a Deep Elf Fire Elementalist on Apr 25, 2020.
             Killed from afar by an orc wizard (9 damage)
             ... with a magic dart
             ... on level 3 of the Dungeon.
             The game lasted 00:04:19 (2708 turns).

hexxy the Magician (Deep Elf Fire Elementalist)     Turns: 2708, Time: 00:04:20

Health: -1/24      AC:  2    Str:  5    XL:     4   Next: 20%
Magic:  4/14       EV: 13    Int: 21    God:
Gold:   124        SH:  0    Dex: 15    Spells: 10/15 levels left

rFire    . . .     SeeInvis .   (no weapon)
rCold    . . .     Gourm    .   (no shield)
rNeg     . . .     Faith    +   a - +0 robe
rPois    .         Spirit   .   (no helmet)
rElec    .         Reflect  .   (no cloak)
rCorr    .         Harm     .   (no gloves)
MR       .....     Rnd*Tele +   (no boots)
Stlth    ++........             g - amulet of faith
HPRegen  0.08/turn              k - ring of teleportation (curse)
MPRegen  0.14/turn              (no ring)

@: no status effects
A: no striking features
a: no special abilities


You were on level 3 of the Dungeon.
You were very hungry.

You visited 1 branch of the dungeon, and saw 3 of its levels.

You collected 124 gold pieces.

Inventory:

Armour
 a - a +0 robe (worn)
Jewellery
 g - an amulet of faith (around neck)
 k - a cursed ring of teleportation (left hand)
Scrolls
 b - 10 scrolls of identify {unknown}
 d - a scroll of amnesia
 f - 2 scrolls of teleportation
Potions
 e - a potion of curing {unknown}
 i - a potion of might {unknown}
 j - a potion of mutation {unknown}
Comestibles
 c - 3 rations


   Skills:
 - Level 2.4 Dodging
 - Level 2.4 Stealth
 - Level 6.0 Spellcasting
 * Level 1.5 Conjurations
 - Level 3.2 Fire Magic


You had 10 spell levels left.
You knew the following spells:

 Your Spells              Type           Power        Failure   Level  Hunger
a - Foxfire               Conj/Fire      ###.         3%          1    None
b - Sticky Flame          Conj/Fire      ###.....     34%         4    ####...

Your spell library contained the following spells:

 Spells                   Type           Power        Failure   Level  Hunger
 Conjure Flame            Conj/Fire      ###.....     11%         3    ##.....
 Inner Flame              Hex/Fire       ##......     16%         3    ##.....
 Fireball                 Conj/Fire      ###.......   69%         5    #####..


Dungeon Overview and Level Annotations

Branches:
Dungeon (3/15)

Altars:


Message History

You conjure some foxfire!
The foxfire hits the orc wizard.
The orc wizard is almost dead.
The hobgoblin hits you.
Unknown command.
Casting: Foxfire (safe; 3% risk of failure)
Confirm with . or Enter, or press ? or * to list all spells.
You conjure some foxfire!
The foxfire hits the hobgoblin.
The hobgoblin is severely wounded.
The hobgoblin closely misses you.
The orc wizard gestures at you while chanting.
The puff of flame hits you!
Ouch! That really hurt!
Casting: Foxfire (safe; 3% risk of failure)
Confirm with . or Enter, or press ? or * to list all spells.
You conjure some foxfire!
The foxfire hits the goblin.
You kill the goblin!
The hobgoblin barely misses you.
The orc wizard gestures at you while chanting.
The magic dart hits you!
You die...

#.###..##.#.###.
#.###..<........#
#........#.######
######..##.# #.....#
#..#### #...#
###########...#####.#
.......@v...........#
.....)og####..#######
......)o# #...#
.......g# #...#
........# ##..#
........# #..#
..$...... #..#
......... #.># ##.#


You could see an orc wizard, an orc and 2 hobgoblins.

Vanquished Creatures
  3 adders (D:2)
  An ooze (D:1)
  A worm (D:2)
  A dart slug (D:1)
  3 leopard geckos
  2 orcs (D:3)
  A ball python (D:1)
  A bat (D:1)
  6 goblins
  8 hobgoblins
  A quokka (D:2)
  5 frilled lizards
  5 kobolds
  2 rats (D:1)
40 creatures vanquished.

Vanquished Creatures (others)
  132 foxfires
132 creatures vanquished.

Grand Total: 172 creatures vanquished

Notes
Turn   | Place    | Note
-------+----------+-------------------------------------------
     0 | D:1      | hexxy the Deep Elf Fire Elementalist began the quest for
                  | the Orb.
     0 | D:1      | Reached XP level 1. HP: 10/10 MP: 6/6
   112 | D:1      | Reached skill level 4 in Spellcasting
   112 | D:1      | Reached XP level 2. HP: 15/15 MP: 2/9
   980 | D:1      | Reached skill level 5 in Spellcasting
   980 | D:1      | Reached XP level 3. HP: 13/19 MP: 6/11
  1889 | D:2      | Reached skill level 6 in Spellcasting
  1889 | D:2      | Reached XP level 4. HP: 19/24 MP: 9/14
  2040 | D:2      | Learned a level 4 spell: Sticky Flame
  2708 | D:3      | Killed from afar by an orc wizard

Levels and vault maps discovered:
D:1:      minmay_arrival_loop, layout_basic
D:2:      layout_basic, first_ration, wander_ebering_terrifying_dragon_lair
D:3:      cheibrodos_old_hovel, layout_basic

Skill      XL: |  1  2  3 |
---------------+----------+-----
Spellcasting   | 4 5 6 |  6.0
Dodging        | |  2.4
Stealth        | |  2.4
Conjurations   | |  1.5
Fire Magic     | |  3.2

Action                   |  1- 3 |  4- 6 || total
-------------------------+-------+-------++-------
 Cast: Foxfire           |    73 |    18 ||    91
  Use: Scroll            |     3 |       ||     3
  Eat: Chunk             |     3 |     1 ||     4
Armor: Robe              |     2 |       ||     2
Dodge: Dodged            |    11 |     3 ||    14

Table legend:
 A = Non-vault XP
 B = Vault XP
 C = Vault XP percentage of total XP
 D = Non-vault monster count
 E = Vault monster count
 F = Vault count percentage of total count
                 A         B        C        D         E       F
            +---------+---------+-------+---------+---------+-------
      Total |     116 |       1 |   0.9 |      39 |       1 |   2.5
            +---------+---------+-------+---------+---------+-------
        D:1 |      44 |       0 |   0.0 |      22 |       0 |   0.0
        D:2 |      61 |       1 |   1.6 |      12 |       1 |   7.7
        D:3 |      11 |       0 |   0.0 |       5 |       0 |   0.0
            +---------+---------+-------+---------+---------+-------
